AoeStats
← chowdhuryphotos

Glade

510448605Analyzed
1v1 RM · 1d ago on Oct 1, 2026· 27m 35s· 2 players
Game mode
Random Map
Map size
Tiny (2 player)
Population
200
Speed
Normal
Resources
Standard
Victory
Conquest
Starting age
Dark Age
Ending age
Imperial Age
RankedLock teamsTeams togetherTeam positionsShared explorationLock speedFull tech treeHidden civsTurbo modeCheats
Victory
Defeat
🇦🇷 Turks · Argentina
1336
+15
🇺🇸 Teutons · United States
1308
-15
chowdhuryphotos
7:05 Loom
9:46 Feudal Age
12:08 Man-at-Arms
15:23 Arson
15:21 Horse Collar
17:19 Wheelbarrow
19:18 Double-Bit Axe
22:52 Gold Mining
24:33 Stone Mining
27:44 Castle Age
Doye
6:20 Loom
9:30 Feudal Age
10:11 Double-Bit Axe
10:07 Horse Collar
16:08 Forging
20:40 Bloodlines
20:38 Scale Barding Armor
21:43 Wheelbarrow
21:32 Stone Mining
24:16 Castle Age
23:19 Gold Mining
23:33 Padded Archer Armor
24:04 Town Watch
24:15 Fletching
26:25 Bow Saw
26:24 Heavy Plow
26:31 Husbandry
26:51 Leather Archer Armor
27:43 Iron Casting
Connection lost

Rejoining the realm…

Still unreachable

The connection could not be restored.

Session expired

The server has moved on; the page needs a fresh start.